 Dungeon Crawl Stone Soup version 0.26.1-2-gb8aa6d0cf2 (webtiles) character file.

Game seed: 14554371621210986703

333 Edgeworth the Chopper (level 6, -4/56 HPs)
             Began as a Deep Dwarf Fighter on Mar 25, 2021.
             Slain by an ogre
             ... wielding a +0 giant spiked club
              (25 damage)
             ... on level 4 of the Dungeon.
             The game lasted 00:05:31 (2482 turns).

Edgeworth the Chopper (Deep Dwarf Fighter)          Turns: 2482, Time: 00:05:32

Health: -4/56      AC: 10    Str: 22    XL:     6   Next: 27%
Magic:  6/6        EV:  6    Int:  8    God:
Gold:   174        SH: 10    Dex: 12    Spells: 5/5 levels left

rFire    . . .     SeeInvis .   t - +3 hand axe
rCold    . . .     Faith    .   c - +0 kite shield
rNeg     . . .     Spirit   .   m - +0 chain mail
rPois    .         Reflect  .   (no helmet)
rElec    .         Harm     .   i - +0 cloak
rCorr    .         Rampage  .   (no gloves)
Will     .....                  (no boots)
Stlth    ..........             (no amulet)
HPRegen  0.00/turn              (no ring)
MPRegen  0.10/turn              (no ring)

@: non-regenerating
A: damage resistance, heal wounds, sense surroundings 1, no regeneration
a: Heal Wounds


You were on level 4 of the Dungeon.
You visited 1 branch of the dungeon, and saw 4 of its levels.

You collected 174 gold pieces.

Inventory:

Hand Weapons
 a - a +0 war axe
 h - a +4 club
 s - a +1 mace of draining
 t - a +3 hand axe (weapon)
Armour
 c - a +0 kite shield (worn)
 i - a +0 cloak (worn)
 m - a +0 chain mail (worn)
Scrolls
 e - 2 scrolls of magic mapping {unknown}
 f - a scroll of teleportation {unknown}
 j - 2 scrolls of amnesia {unknown}
 k - 11 scrolls of identify
 l - a scroll of fear {unknown}
 r - a scroll of enchant armour {unknown}
Potions
 b - a potion of magic {unknown}
 d - a potion of might
 g - 3 potions of curing
 n - a potion of heal wounds {unknown}
 o - a potion of flight {unknown}
 p - a potion of lignification {unknown}
 q - a potion of brilliance {unknown}


   Skills:
 + Level 3.6 Fighting
 + Level 4.8 Axes
 + Level 4.2 Armour
 + Level 1.2 Dodging
 + Level 4.7 Shields


You had 5 spell levels left.
You didn't know any spells.
Your spell library was empty.

Dungeon Overview and Level Annotations

Branches:
Dungeon (4/15)
 Temple: D:4-7

Altars:
Gozag
Makhleb
Sif Muna
Yredelemnul


Innate Abilities, Weirdness & Mutations

You are resistant to damage.
You can heal yourself by infusing magical energy.
You passively map a small area around you.
You do not regenerate.


Message History

The centaur skeleton is moderately damaged.
The centaur skeleton hits you but does no damage. x2
You hit the centaur skeleton.
The centaur skeleton is heavily damaged.
The centaur skeleton barely misses you.
You slash the centaur skeleton!
The centaur skeleton is almost destroyed.
You block the centaur skeleton's attack.
The centaur skeleton hits you but does no damage.
You hit the centaur skeleton.
You destroy the centaur skeleton!
Your life force feels restored.
You open the door.
An ogre comes into view. It is wielding a +0 giant spiked club.
You barely miss the ogre.
The ogre hits you with a +0 giant spiked club.
You hit the ogre.
The ogre is lightly wounded.
The ogre hits you with a +0 giant spiked club!!
You die...

, ,, #...... ,* ,### *
#...... #. #.#.. ,
,,##.....( ,,
#.###.#.### , ........ ,
......... ..............
* #.....#.# #...<
........ ........###....
........ , ,
#.....O....#**##...... ,
,
#.#....@####'####...###.
...............##...# #.
#.#.................+,+.
#.................# #.
........####.###....# #.
, .##.....# ### #....#
#. , , .......#
#....#### #.......#
#####....##.. ,
#.#...... ........###.#


You could see an ogre.

Vanquished Creatures
  A hound (D:4)
  2 orc wizards (D:3)
  Crazy Yiuf (D:4)
  Jessica (D:2)
  A centaur skeleton (D:4)
  5 adders
  A gnoll (D:4)
  2 oozes
  2 worms (D:2)
  4 leopard geckos
  9 orcs (D:3)
  11 bats
  4 giant cockroaches
  13 goblins
  4 hobgoblins
  7 jackals
  3 kobolds (D:2)
  A quokka (D:3)
  A ball python (D:2)
  4 frilled lizards
  8 rats
  A spectral orc (D:2)
86 creatures vanquished.

Notes
Turn   | Place    | Note
-------+----------+-------------------------------------------
     0 | D:1      | Edgeworth the Deep Dwarf Fighter began the quest for the
                  | Orb.
     0 | D:1      | Reached XP level 1. HP: 20/20 MP: 1/1
    40 | D:1      | Reached XP level 2. HP: 27/27 MP: 2/2
    99 | D:1      | You fall into a shaft and drop 1 floor!
   178 | D:2      | Noticed Jessica
   188 | D:2      | Killed Jessica
   189 | D:2      | Reached XP level 3. HP: 28/34 MP: 3/3
   561 | D:1      | Reached XP level 4. HP: 33/42 MP: 4/4
  1069 | D:2      | Found a basalt altar of Yredelemnul.
  1204 | D:3      | Found a faded altar of an unknown god.
  1360 | D:3      | Reached XP level 5. HP: 23/49 MP: 5/5
  1455 | D:3      | Found an opulent altar of Gozag.
  1459 | D:3      | Found a burning altar of Makhleb.
  1702 | D:3      | Reached skill level 1 in Dodging
  1803 | D:3      | Found a shimmering blue altar of Sif Muna.
  2202 | D:4      | Reached XP level 6. HP: 17/56 MP: 6/6
  2361 | D:4      | Found a runed translucent door.
  2362 | D:4      | Noticed Crazy Yiuf
  2373 | D:4      | Killed Crazy Yiuf
  2482 | D:4      | Slain by an ogre

Illustrated notes

Levels and vault maps discovered:
D:1:      amcnicky_arrival_single_pillar, layout_loops_ring,
          minmay_splitting_lines, minmay_ruptured
D:2:      layout_basic, yredelemnul_forgotten_temple_becter, uniq_jessica
D:3:      layout_loops_corners, grunt_temple_overflow_open,
          chequers_ecumenical_altar_island, led_sif_pool
D:4:      layout_basic, minmay_temple_entry_ruins, serial_shops,
          nicolae_shop_crystal, uniq_crazy_yiuf_cottage

Skill      XL: |  1  2  3  4  5 |
---------------+----------------+-----
Fighting       | 3 |  3.6
Shields        | 4 |  4.7
Armour         | 4 |  4.2
Axes           | 3 4 |  4.8
Dodging        | 1 |  1.2

Action                   |  1- 3 |  4- 6 || total
-------------------------+-------+-------++-------
Melee: War axe           |    77 |   197 ||   274
       Hand axe          |       |    17 ||    17
 Abil: Heal Wounds       |       |     1 ||     1
  Use: Potion            |       |     1 ||     1
       Scroll            |       |     1 ||     1
Armor: Scale mail        |    38 |    11 ||    49
       Chain mail        |       |    96 ||    96
Dodge: Dodged            |    28 |    35 ||    63
Block: Kite shield       |    51 |   115 ||   166
